 Dungeon Crawl Stone Soup version 0.16.1-16-gc44b35d (webtiles) character file.

82373 Trafet the Nimble (level 14, -3/120 (122) HPs)
             Began as a Demigod Wizard on Apr 19, 2015.
             Slain by an Ice Fiend (23 damage)
             ... in an ice cave.
             The game lasted 02:25:29 (30467 turns).

Trafet the Nimble (Demigod Wizard)                 Turns: 30467, Time: 02:25:31

HP:   -3/120 (122)  AC: 14    Str: 10    XL:     14   Next: 89%
MP:   17/42         EV: 19    Int: 30    God:
Gold: 1325          SH:  6    Dex: 14    Spells: 9 memorised, 1 level left

rFire  . . .     SeeInvis +     P - +9 rapier "Detewnow" {freeze, rF+ MP+9}
rCold  + . .     Clarity  .     G - +2 robe {Archmagi}
rNeg   . . .     SustAb   +     m - +0 buckler
rPois  .         Gourm    .     u - +2 helmet
rElec  .         Spirit   .     r - +2 cloak of Lugonu's Reproof {MR+}
rCorr  .         Warding  .     v - +1 pair of gloves
rMut   .         Stasis   .     w - +0 pair of boots
MR     ++...                    q - amulet of regeneration
Stlth  ++........               Z - ring of see invisible
                                Q - ring of ice

@: hasted, repel missiles, very quick, very resistant to hostile enchantments,
unstealthy
A: sustain abilities
a: no special abilities


You were in an ice cave.
You were very hungry.

You visited 4 branches of the dungeon, and saw 25 of its levels.
You also visited: Labyrinth, Ice Cave and Volcano.

You collected 2409 gold pieces.
You spent 1084 gold pieces at shops.

Inventory:

Hand weapons
 M - a +4 demon trident of freezing
 P - the +9 rapier "Detewnow" (weapon) {freeze, rF+ MP+9}
   (You found it on level 5 of the Dungeon)

   It has been specially enchanted to freeze those struck by it, causing extra
   injury to most foes and up to half again as much damage against particularly
   susceptible opponents.
   It can also slow down cold-blooded creatures.
   It protects you from fire.
   It affects your magic capacity (+9).
Armour
 f - a +0 shield
 m - a +0 buckler (worn)
 r - the +2 cloak of Lugonu's Reproof (worn) {MR+}
   (You bought it in a shop on level 1 of the Orcish Mines)

   It affects your resistance to hostile enchantments.
 u - a +2 helmet (worn)
 v - a +1 pair of gloves (worn)
 w - a +0 pair of boots (worn)
 G - a +2 robe of the Archmagi (worn)
Magical staves
 l - an uncursed staff of energy
Jewellery
 j - a +5 ring of dexterity
 q - an amulet of regeneration (around neck)
 x - an uncursed ring of poison resistance
 z - an uncursed ring of protection from fire
 L - an uncursed amulet of resist corrosion
 N - an uncursed ring of protection from fire
 O - an uncursed amulet of clarity
 Q - a ring of ice (left hand)
 W - an uncursed ring of teleportation
 Z - a ring of see invisible (right hand)
Magical devices
 n - a wand of fireball (3)
 R - a wand of teleportation (5)
Scrolls
 c - a scroll of torment
 e - 7 scrolls of teleportation
 g - 3 scrolls of identify
 k - a scroll of fog
 p - 3 scrolls of recharging
 D - 7 scrolls of remove curse
 K - 3 scrolls of amnesia
Potions
 t - 2 potions of heal wounds
 A - 6 potions of magic
 B - a potion of restore abilities
 S - 5 potions of invisibility
 U - 6 potions of curing
Comestibles
 a - 5 fruits
 b - a royal jelly
 d - 10 bread rations


   Skills:
 - Level 10.6 Fighting
 - Level 5.7 Polearms
 - Level 0.1 Throwing
 - Level 7.3 Armour
 - Level 11.0 Dodging
 - Level 1.8 Stealth
 - Level 10.1 Shields
 + Level 9.3 Spellcasting
 - Level 10.2 Conjurations
 + Level 6.7 Charms
   Level 0.8 Summonings
 - Level 0.8 Translocations


You had one spell level left.
You knew the following spells:

 Your Spells              Type           Power        Failure   Level  Hunger
a - Magic Dart            Conj           ####         1%          1    None
b - Blink                 Tloc           N/A          4%          2    None
c - Mephitic Cloud        Conj/Pois/Air  ######..     2%          3    None
d - Conjure Flame         Conj/Fire      #####...     1%          3    None
e - Iskenderun's Battles  Conj/Chrm      #######.     3%          5    ####...
f - Iskenderun's Mystic   Conj           #######.     1%          4    None
g - Haste                 Chrm           ######..     38%         6    #####..
h - Control Teleport      Chrm/Tloc      ######....   10%         4    None
i - Repel Missiles        Chrm/Air       ######       1%          2    None


Dungeon Overview and Level Annotations

Branches:
Dungeon (12/15)            Temple (0/1) D:5            Lair (8/8) D:10
 Shoals (0/5) Lair:3       Spider (1/5) Lair:4        Slime (0/6) Lair:7
    Orc (4/4) D:12            Elf (0/3) Orc:3

Shops:
D:4 (   D:9 *   Orc:1 [*   Orc:4 :*(

Annotations:
D:10 exclusion: oklob plant


Innate Abilities, Weirdness & Mutations

Your attributes are resistant to harm.


Message History

The orb of energy explodes!
Your battlesphere fires!
The barrage of energy hits the Ice Fiend.
The Ice Fiend is severely wounded.
The Ice Fiend gestures at you. The bolt of cold hits you! You resist.
Read which item? (? for menu, Esc to quit)
Okay, then.
Drink which item? (? for menu, Esc to quit)
You feel much better. The Ice Fiend gestures at you.
The bolt of cold is repelled.
Drink which item? (? for menu, Esc to quit)
You feel yourself speed up. The Ice Fiend claws you! The Ice Fiend freezes you!
You resist.
* * * LOW HITPOINT WARNING * * *
The Ice Fiend claws you!
* * * LOW HITPOINT WARNING * * *
The Ice Fiend freezes you!! You resist.
You die...

####### ###.....### ##.........#
##.........####
#?.........#..#.###+#+#+#+#
##.........#..'.#.'.......#
#####........*.########.8.8.8.#
.##..............#............#.#
...........⌠....@1............'.#
.................#............#.#
#..##..........########.8.8.8.#
######.........#.. +.......#
#..........#.. #+#+#+#+#
##.........### ##.........#
###.....### #######


You could see an Ice Fiend.

Vanquished Creatures
  Maud (Lair:3)
  An orc warlord (Orc:4)
  A minotaur (Lab)
  Fannar (Lair:5)
  6 hydras
  A tengu warrior (D:12)
  3 orc high priests (Orc:4)
  Nergalle (Lair:3)
  2 ice devils (IceCv)
  3 unseen horrors
  A lindwurm (Orc:1)
  4 orc knights
  2 ice statues (IceCv)
  2 hill giants
  5 orc sorcerers
  A wolf spider (Spider:1)
  3 orb spiders (Spider:1)
  4 salamanders (Volcano)
  An ugly thing (D:11)
  A griffon (Lair:7)
  Joseph (D:9)
  4 black mambas
  6 elephants (Lair:8)
  A cyclops (D:12)
  11 spiny frogs
  7 komodo dragons
  A gargoyle (D:10)
  A torpor snail (Lair:8)
  Psyche (D:8)
  A demonic crawler (Lair:4)
  A hellwing (Orc:4)
  A centaur skeleton (D:11)
  3 fire drakes
  A tengu conjurer (D:12)
  A spriggan druid (Lair:8)
  5 trolls
  Sonja (D:11)
  11 polar bears (Lair:8)
  A two-headed ogre (D:11)
  6 slime creatures (D:12)
  6 wandering mushrooms
  Prince Ribbit (Orc:1)
  3 ravens (D:12)
  21 blink frogs
  A boulder beetle (Lair:7)
  3 jumping spiders (Spider:1)
  3 blue devils (IceCv)
  2 trapdoor spiders
  A basilisk (Lair:2)
  5 redbacks
  A shadow (Lab)
  11 spriggans (Lair:8)
  2 deep elf magi
  8 hippogriffs
  4 tarantellas (Spider:1)
  A wyvern (Lair:7)
  55 yaks
  3 steam dragons
  Grum (Orc:3)
  51 wolves
  2 vampire mosquitoes (D:12)
  A dire elephant simulacrum (IceCv)
  Edmund (D:5)
  Menkaure (D:4)
  20 water moccasins
  A warg (Orc:1)
  2 sky beasts
  12 ice beasts
  3 wasps (Lair:8)
  17 ogres
  37 orc warriors
  2 phantoms
  3 black bears (Lair:8)
  4 necrophages
  14 porcupines
  8 centaurs
  Sigmund (D:6)
  A big kobold (D:10)
  14 crocodiles
  A gnoll sergeant (D:10)
  15 giant frogs
  A wyvern zombie (D:9)
  A wyvern skeleton (D:7)
  A scorpion (D:9)
  12 killer bees
  2 troll skeletons (Lab)
  5 wights (D:3)
  6 crimson imps
  2 lava snakes (D:11)
  2 electric eels (Lair:3)
  3 giant frog skeletons
  17 jellies
  27 orc priests
  8 hounds
  A giant frog zombie (D:6)
  14 iguanas
  29 orc wizards
  A worker ant (D:6)
  A sheep (Lair:2)
  Ijyb (D:2)
  2 mummies
  A hound skeleton (D:9)
  7 gnolls
  A worker ant zombie (D:8)
  42 river rats
  23 adders
  2 shadow imps
  A worm (D:2)
  An adder skeleton (D:6)
  7 giant geckos
  174 orcs
  A ball python (D:3)
  A bat skeleton (D:7)
  2 bat zombies
  3 giant cockroaches
  25 goblins
  23 hobgoblins
  17 kobolds
  11 quokkas
  16 bats
  A giant gecko skeleton (D:6)
  5 giant newts
  14 jackals
  9 orc zombies
  22 rats
  A butterfly (Lair:5)
  3 fungi
1001 creatures vanquished.

Vanquished Creatures (collateral kills)
  A wasp (Lair:8)
  3 killer bees
4 creatures vanquished.

Vanquished Creatures (others)
  A killer bee (D:8)
  22 fungi
  7 plants
30 creatures vanquished.

Grand Total: 1035 creatures vanquished

Notes
Turn   | Place    | Note
--------------------------------------------------------------
     0 | D:1      | Trafet, the Demigod Wizard, began the quest for the Orb.
     0 | D:1      | Reached XP level 1. HP: 14/14 MP: 4/4
   415 | D:1      | Reached skill level 3 in Spellcasting
   671 | D:1      | Reached XP level 2. HP: 20/20 MP: 0/7
  1032 | D:2      | Reached skill level 1 in Conjurations
  1084 | D:2      | Learned a level 2 spell: Blink
  1086 | D:2      | Noticed Ijyb
  1126 | D:2      | Killed Ijyb
  1126 | D:2      | Reached XP level 3. HP: 13/26 MP: 0/10
  2326 | D:3      | Reached XP level 4. HP: 29/33 MP: 6/12
  2500 | D:3      | Learned a level 3 spell: Mephitic Cloud
  2504 | D:3      | Learned a level 3 spell: Conjure Flame
  2746 | D:3      | Found a white marble altar of Elyvilon.
  2905 | D:3      | Reached skill level 4 in Conjurations
  3168 | D:3      | Reached XP level 5. HP: 38/38 MP: 14/14
  3323 | D:3      | Reached skill level 5 in Conjurations
  3388 | D:3      | Reached XP level 6. HP: 20/45 MP: 2/17
  3838 | D:4      | Found an iron altar of Okawaru.
  3875 | D:4      | Found a basalt altar of Yredelemnul.
  3935 | D:4      | Noticed Menkaure
  4013 | D:4      | Killed Menkaure
  4013 | D:4      | Reached skill level 6 in Conjurations
  4053 | D:4      | Found Gheluirph's Weapon Shoppe.
  4442 | D:5      | Entered Level 5 of the Dungeon
  4570 | D:5      | Found a shimmering altar of Xom.
  4609 | D:5      | Reached skill level 1 in Polearms
  4728 | D:5      | Reached XP level 7. HP: 48/50 MP: 11/18
  4784 | D:5      | Found a staircase to the Ecumenical Temple.
  4837 | D:5      | Noticed Edmund
  4897 | D:5      | Killed Edmund
  5433 | D:6      | Reached skill level 5 in Polearms
  5531 | D:6      | Found a bloodstained altar of Trog.
  5724 | D:5      | Got a pitted rapier
  5725 | D:5      | Identified the +9 rapier "Detewnow" {freeze, rF+ MP+9} (You found it on level 5 of the Dungeon)
  5744 | D:6      | Noticed Sigmund
  5826 | D:6      | Reached XP level 8. HP: 51/55 MP: 19/20
  5835 | D:6      | Killed Sigmund
  5866 | D:6      | Reached skill level 7 in Conjurations
  6623 | D:6      | Found a snail-covered altar of Cheibriados.
  6840 | D:6      | Reached skill level 8 in Conjurations
  6952 | D:6      | Found a glowing silver altar of Zin.
  7208 | D:7      | Found a basalt altar of Yredelemnul.
  7311 | D:7      | Learned a level 5 spell: Iskenderun's Battlesphere
  7361 | D:7      | Reached skill level 1 in Charms
  7367 | D:7      | Reached skill level 5 in Spellcasting
  7367 | D:7      | Reached XP level 9. HP: 60/60 MP: 20/24
  7438 | D:7      | Got a shimmering leather armour
  7484 | D:7      | Identified the +2 leather armour of Sunlight {Contam Str+4 Int+4} (You found it on level 7 of the Dungeon)
  7758 | D:7      | Found a blossoming altar of Fedhas.
  7758 | D:7      | Found a deep blue altar of Sif Muna.
  8283 | D:8      | Reached skill level 9 in Conjurations
  8505 | D:8      | Noticed Psyche
  8520 | D:8      | Killed Psyche
  8562 | D:8      | Learned a level 4 spell: Iskenderun's Mystic Blast
  9018 | D:9      | Noticed a hill giant
  9274 | D:9      | Noticed Joseph
  9372 | D:9      | Found Phiysuut's Assorted Antiques.
  9375 | D:9      | Bought a scroll of teleportation for 87 gold pieces
  9418 | D:9      | Killed Joseph
  9418 | D:9      | Reached XP level 10. HP: 60/67 MP: 21/27
  9624 | D:9      | Killed a hill giant
  9624 | D:9      | Reached skill level 5 in Charms
  9831 | D:9      | Reached skill level 10 in Conjurations
 10266 | D:9      | Reached skill level 1 in Fighting
 10442 | D:10     | Entered Level 10 of the Dungeon
 10661 | D:10     | Noticed a hill giant
 10670 | D:10     | Killed a hill giant
 10670 | D:10     | Reached skill level 1 in Armour
 10872 | D:10     | Found a staircase to the Lair.
 11272 | D:10     | Found a blossoming altar of Fedhas.
 11287 | D:10     | Noticed an oklob plant
 11650 | D:11     | Noticed a green ugly thing
 11653 | D:11     | Killed a green ugly thing
 11653 | D:11     | Reached skill level 1 in Shields
 11653 | D:11     | Reached XP level 11. HP: 80/80 MP: 23/29
 11680 | D:11     | Noticed Sonja
 11739 | D:11     | Killed Sonja
 12559 | D:11     | Noticed an unseen horror
 12564 | D:11     | Killed an unseen horror
 12641 | Lair:1   | Entered Level 1 of the Lair of Beasts
 12713 | Lair:1   | Reached skill level 5 in Dodging
 13617 | Lair:1   | Reached skill level 5 in Fighting
 13714 | Lair:2   | Identified a +0 rod of inaccuracy (10/10) (You found it on level 11 of the Dungeon)
 14439 | Lair:2   | Noticed a five-headed hydra
 14448 | Lair:2   | Killed a five-headed hydra
 14722 | Lair:2   | Got an ancient whip
 14723 | Lair:2   | Identified the cursed +3 whip of Panyeted {slash, rC+} (You found it on level 2 of the Lair of Beasts)
 14811 | Lair:3   | Found a staircase to the Shoals.
 14854 | Lair:3   | Reached skill level 5 in Shields
 15141 | Lair:3   | Reached XP level 12. HP: 94/94 MP: 23/29
 15243 | Lair:3   | Noticed Nergalle
 15250 | Lair:3   | Killed Nergalle
 15392 | Lair:3   | Noticed Maud
 15407 | Lair:3   | Killed Maud
 16309 | Lair:4   | Found a hole to the Spider Nest.
 16698 | Lair:5   | Noticed a four-headed hydra
 16702 | Lair:5   | Killed a four-headed hydra
 16702 | Lair:5   | Reached skill level 5 in Armour
 16940 | Lair:5   | Noticed Fannar
 17247 | Lair:5   | Killed Fannar
 19126 | Lair:7   | Noticed a seven-headed hydra
 19132 | Lair:7   | Killed a seven-headed hydra
 19132 | Lair:7   | Reached XP level 13. HP: 105/105 MP: 31/31
 19233 | Lair:7   | Found a staircase to the Slime Pits.
 19381 | Lair:7   | Noticed a five-headed hydra
 19385 | Lair:7   | Killed a five-headed hydra
 20586 | Lair:8   | Entered Level 8 of the Lair of Beasts
 20818 | Lair:8   | Found a labyrinth entrance.
 20827 | Lab      | Entered a labyrinth
 21620 | Lab      | Identified Roxanne's Collected Works on the Mutagenic Rocks
 21628 | Lab      | Identified the Incunabulum of Lucky Malediction
 21647 | Lab      | Got an encrusted dagger
 21977 | Lair:8   | Identified the +4 dagger of Fufor {pierce, rF+} (You found it in a labyrinth)
 22555 | Lair:8   | Reached skill level 10 in Dodging
 22991 | Lair:8   | Reached XP level 14. HP: 116/116 MP: 32/32
 23976 | D:12     | Found a roughly hewn altar of Beogh.
 23989 | D:12     | Found a staircase to the Orcish Mines.
 24224 | D:12     | Reached skill level 10 in Fighting
 24886 | Orc:1    | Entered Level 1 of the Orcish Mines
 24934 | Orc:1    | Found Thosues' Antique Armour Emporium.
 24938 | Orc:1    | Noticed Prince Ribbit
 24945 | Orc:1    | Killed Prince Ribbit
 24956 | Orc:1    | Bought an encrusted cloak for 247 gold pieces
 24966 | Orc:1    | Identified the +2 cloak of Lugonu's Reproof {MR+} (You bought it in a shop on level 1 of the Orcish Mines)
 25265 | Orc:1    | Found a dark tunnel.
 25275 | Volcano  | Entered a volcano
 25782 | Orc:1    | Found Eridar's Assorted Antiques.
 26323 | Orc:3    | Noticed Grum
 26342 | Orc:3    | Killed Grum
 26708 | Orc:3    | Found a staircase to the Elven Halls.
 27506 | Orc:4    | Entered Level 4 of the Orcish Mines
 27543 | Orc:4    | Found a shimmering altar of Xom.
 27987 | Orc:4    | Noticed an orc warlord
 28033 | Orc:4    | Reached skill level 10 in Shields
 28192 | Orc:4    | Killed an orc warlord
 28494 | Orc:4    | Reached skill level 11 in Dodging
 28901 | Orc:4    | Found Zaikim's General Store.
 28902 | Orc:4    | Found Irol's Book Emporium.
 28903 | Orc:4    | Found Miwam's Antique Armour Shoppe.
 28903 | Orc:4    | Found Weqeipe's Antique Weapon Shoppe.
 28918 | Orc:4    | Bought a book of Enchantments for 750 gold pieces
 29287 | Lair:2   | Learned a level 6 spell: Haste
 29292 | Lair:2   | Learned a level 4 spell: Control Teleport
 29295 | Lair:2   | Learned a level 2 spell: Repel Missiles
 29461 | Spider:1 | Entered Level 1 of the Spider Nest
 29939 | Spider:1 | Found a frozen archway.
 29947 | IceCv    | Entered an ice cave
 30448 | IceCv    | Noticed an Ice Fiend
 30467 | IceCv    | Slain by an Ice Fiend

Action                   |  1- 3 |  4- 6 |  7- 9 | 10-12 | 13-15 || total
-------------------------+-------+-------+-------+-------+-------++-------
Melee: Dagger            |     1 |       |       |       |       ||     1
       Halberd           |       |   192 |    80 |       |       ||   272
       Rapier            |       |       |   246 |    26 |   855 ||  1127
       Scythe            |       |       |    16 |       |       ||    16
Throw: Javelin           |    14 |     1 |       |       |       ||    15
 Cast: Magic Dart        |    98 |    89 |    43 |   605 |   364 ||  1199
       Conjure Flame     |       |    11 |     9 |       |    21 ||    41
       Blink             |       |     2 |     9 |       |     3 ||    14
       Mephitic Cloud    |       |       |    36 |    47 |   108 ||   191
       Iskenderun's Batt |       |       |     3 |   101 |    71 ||   175
       Iskenderun's Myst |       |       |       |    22 |   137 ||   159
       Repel Missiles    |       |       |       |       |     1 ||     1
 Abil: Evoke Teleportati |       |       |       |       |     9 ||     9
  Use: Potion            |       |     6 |     2 |       |     2 ||    10
       Scroll            |       |       |    20 |    15 |    10 ||    45
 Stab: Sleeping          |       |     4 |     3 |     1 |       ||     8
       Distracted        |       |     1 |     1 |       |       ||     2
       Confused          |       |       |    14 |       |    46 ||    60
       Fleeing           |       |       |       |       |     1 ||     1
  Eat: Chunk             |     4 |    11 |    18 |    53 |    43 ||   129
       Beef jerky        |       |       |     1 |       |       ||     1
       Fruit             |       |       |       |     1 |       ||     1
       Meat ration       |       |       |       |       |     3 ||     3
